 Dungeon Crawl Stone Soup version 0.28.0-53-g5a82cb258f (webtiles) character file.

Game seed: 14371635557972179053

88 Asher535 the Digger (level 4, -4/24 HPs)
             Began as a Gargoyle Earth Elementalist on July 27, 2022.
             Was a Follower of Cheibriados.
             Slain by a gnoll
             ... wielding a +0 whip
              (7 damage)
             ... on level 2 of the Dungeon.
             The game lasted 00:14:12 (2496 turns).

Asher535 the Digger (Gargoyle Earth Elementalist)   Turns: 2496, Time: 00:14:14

Health: -4/24      AC:  9    Str: 15    XL:     4   Next: 54%
Magic:  0/7        EV:  7    Int: 20    God:    Cheibriados [*.....]
Gold:   14         SH: 12    Dex: 13    Spells: 6/7 levels left

rFire   . . .      SeeInvis .   a - +0 short sword
rCold   . . .      Faith    .   q - +0 kite shield
rNeg    + . .      Spirit   .   d - +0 scale mail
rPois   ∞          Reflect  +   (no helmet)
rElec   +          Harm     .   (no cloak)
rCorr   .          Rampage  .   (no gloves)
Will    .....                   (no boots)
Stlth   +.........              k - amulet of reflection
HPRegen 0.08/turn               (no ring)
MPRegen 0.10/turn               (no ring)

@: very slow
A: sickness immunity, AC +3, negative energy resistance 1, electricity
resistance, torment resistance 1, petrification resistance
a: Renounce Religion, Bend Time


You were on level 2 of the Dungeon.
You worshipped Cheibriados.
Cheibriados was aware of your devotion.
You visited 1 branch of the dungeon, and saw 2 of its levels.

You collected 14 gold pieces.

Inventory:

Hand Weapons
 a - a +0 short sword (weapon)
 e - a +0 hunting sling
 i - a +0 short sword
 j - a +0 whip
 n - a +1 hunting sling of flaming
Missiles
 c - 35 stones
 f - 10 poisoned darts
Armour
 b - a +0 robe
 d - a +0 scale mail (worn)
 g - a +0 leather armour
 q - a +0 kite shield (worn)
Jewellery
 k - an amulet of reflection (around neck)
Scrolls
 h - a scroll of teleportation
 l - a scroll of noise {unknown}
 o - a scroll of silence {unknown}
Potions
 m - a potion of haste {unknown}
 p - a potion of attraction {unknown}


   Skills:
 - Level 0.4 Fighting
 - Level 0.1 Short Blades
 + Level 1.4 Armour
 + Level 2.0 Dodging
 - Level 2.1 Stealth
 + Level 2.4 Spellcasting
 + Level 0.7 Transmutations
 * Level 5.1 Earth Magic


You had 6 spell levels left.
You knew the following spells:

 Your Spells              Type           Power      Damage    Failure   Level
a - Sandblast             Erth           46%        2d11      26%         1

Your spell library contained the following spells:

 Spells                   Type           Power      Damage    Failure   Level
 Passwall                 Tmut/Erth      11%        N/A       69%         2
 Animate Skeleton         Necr           4%         N/A       91%         1
 Apportation              Tloc           4%         N/A       91%         1
 Summon Small Mammal      Summ           8%         N/A       91%         1
 Stone Arrow              Conj/Erth      24%        3d8       92%         3
 Petrify                  Tmut/Erth      14%        N/A       100%        4


Dungeon Overview and Level Annotations

Branches:
Dungeon (2/15)

Altars:
Cheibriados

Shops:
D:1 [


Innate Abilities, Weirdness & Mutations

You are immune to sickness and miasma.
Your stone body is resilient. (AC +3)
You are immune to poison.
You resist negative energy. (rN+)
You are resistant to electric shocks. (rElec)
You are resistant to unholy torment.
You are immune to petrification.


Message History

Confirm with . or Enter, or press ? or * to list all spells.
Aiming: Sandblast (safe; 26% risk of failure)
Press: ? - help, Shift-Dir - straight line, f/p - gnoll
Aim: a gnoll, wielding a +0 spear (severely wounded, 83% to hit)
The blast of sand hits the gnoll!
You kill the gnoll!
Cheibriados appreciates the change of pace.
Casting: Sandblast (safe; 26% risk of failure)
Confirm with . or Enter, or press ? or * to list all spells.
Aiming: Sandblast (safe; 26% risk of failure)
Press: ? - help, Shift-Dir - straight line, f - gnoll
Aim: a gnoll, wielding a +0 whip (83% to hit)
The blast of sand hits the gnoll!
The gnoll is severely wounded.
Casting: Sandblast (safe; 26% risk of failure)
Confirm with . or Enter, or press ? or * to list all spells.
You don't have enough magic to cast this spell.
Unknown command.
The gnoll barely misses you. The gnoll hits you but does no damage.
You block the gnoll's attack.
The gnoll hits you from afar with a +0 spear!
You hit the gnoll but do no damage.
The gnoll is severely wounded.
The gnoll hits you with a +0 whip.
* * * LOW HITPOINT WARNING * * *
You block the gnoll's attack.
You hit the gnoll but do no damage.
The gnoll is severely wounded.
The gnoll hits you with a +0 whip.
* * * LOW HITPOINT WARNING * * *
The gnoll hits you but does no damage.
Casting: Sandblast (safe; 26% risk of failure)
Confirm with . or Enter, or press ? or * to list all spells.
Aiming: Sandblast (safe; 26% risk of failure)
Press: ? - help, Shift-Dir - straight line, f/p - gnoll
Aim: a gnoll, wielding a +0 whip (severely wounded, 83% to hit)
The blast of sand misses the gnoll.
The blast of sand hits the gnoll.
The gnoll is heavily wounded.
The gnoll hits you with a +0 whip!
You die...

#.#
################.#
..†............>.#
###.############.#
#.# #.# #.# #.#
#.# #.# #.# #.#
#.# #@# #.# #g#
#g# #.# #.# #.#
#######)#
.g.gg...#
#########


You could see 2 gnolls.

Vanquished Creatures
  4 gnolls
  An adder (D:2)
  2 worms (D:2)
  2 dart slugs
  4 bats
  An endoplasm (D:1)
  3 giant cockroaches
  2 goblins
  A quokka (D:1)
  7 ball pythons
  4 frilled lizards (D:1)
  4 kobolds
  A rat (D:1)
36 creatures vanquished.

Notes
Turn   | Place    | Note
-------+----------+-------------------------------------------
     0 | D:1      | Asher535 the Gargoyle Earth Elementalist began the quest
                  | for the Orb.
     0 | D:1      | Reached XP level 1. HP: 10/10 MP: 3/3
   201 | D:1      | Reached XP level 2. HP: 5/16 MP: 0/5
   616 | D:1      | Reached skill level 4 in Earth Magic
   806 | D:1      | Reached XP level 3. HP: 2/20 MP: 1/6
  1227 | D:1      | Found Caiseri's Antique Armour Boutique.
  1327 | D:1      | Found a faded altar of an unknown god.
  1540 | D:1      | Prayed at the altar of an unknown god.
  1540 | D:1      | Became a worshipper of Cheibriados the Contemplative
  1540 | D:1      | Reached * piety under Cheibriados
  2379 | D:2      | Reached XP level 4. HP: 19/24 MP: 4/7
  2480 | D:2      | Reached skill level 1 in Armour
  2481 | D:2      | Reached skill level 5 in Earth Magic
  2496 | D:2      | Slain by a gnoll

Illustrated notes

Levels and vault maps discovered:
D:1:      lemuel_arrival_rhombus, layout_loops_ring, serial_shops, shop_statue,
          chequers_ecumenical_altar_simple, minmay_octomino_c4
D:2:      layout_basic

Skill      XL: |  1  2  3  4 |
---------------+-------------+-----
Earth Magic    | 4 5 |  5.1
Dodging        | 2 |  2.0
Armour         | 1 |  1.4
Fighting       | |  0.4
Short Blades   | |  0.1
Stealth        | |  2.1
Spellcasting   | |  2.4
Transmutations | |  0.7

Action                   |  1- 3 |  4- 6 || total
-------------------------+-------+-------++-------
Melee: Short sword       |    27 |     4 ||    31
       Punch             |     1 |       ||     1
 Cast: Sandblast         |    30 |     8 ||    38
  Use: Scroll            |     1 |       ||     1
Armor: Scale mail        |    31 |     5 ||    36
Dodge: Dodged            |    19 |     2 ||    21
Block: Other             |     3 |       ||     3
       Reflection        |     1 |       ||     1
       Kite shield       |       |     8 ||     8
